[Event "SR 1. liga zapad 2011/2012"]
[Site "?"]
[Date "2012.03.03"]
[Round "10.3"]
[White "Gazikova, Veronika"]
[Black "Michalek, Matej"]
[Result "1/2-1/2"]
[ECO "C06"]
[WhiteElo "1897"]
[BlackElo "1810"]
[PlyCount "153"]
[EventDate "2011.??.??"]
[TimeControl "180"]

1. e4 e6 2. d4 d5 3. Nd2 Nf6 4. e5 Nfd7 5. Bd3 c5 6. c3 Nc6 7. Ne2 Be7 8. Nf3
a6 9. O-O b5 10. Ne1 Qb6 11. Be3 b4 12. Rc1 a5 13. f4 g6 14. Nf3 Ba6 15. Bf2
Rc8 16. Kh1 Na7 17. c4 Bb7 18. cxd5 Bxd5 19. dxc5 Bxc5 20. Bxc5 Rxc5 21. Bb1
O-O 22. Rxc5 Qxc5 23. Ng3 Qc6 24. Qd2 Rc8 25. Nd4 Qb7 26. Re1 Nc6 27. Be4 Nxd4
28. Qxd4 Bxe4 29. Nxe4 Qd5 30. Qa7 Kg7 31. Nd6 Rc2 32. Rg1 Qc6 33. h3 Rxb2 34.
Qxa5 Qb6 35. Qa8 Qb8 36. Qc6 Nb6 37. Qb5 Rxa2 38. Nc4 Nd7 39. Qxd7 b3 40. Nd2
Qb4 41. Nb1 Qxf4 42. Qb5 b2 43. Rf1 Qc1 44. Qd3 Ra5 45. Qf3 Qc7 46. Qf6+ Kg8
47. Qf2 Qb7 48. Qd4 Rd5 49. Qc3 Qb8 50. Re1 Qb6 51. Qc8+ Kg7 52. Qc3 Qf2 53.
Rg1 Rc5 54. Qe1 Qxe1 55. Rxe1 Rc1 56. Rg1 Kh6 57. g3 Kg5 58. Kg2 Rxg1+ 59. Kxg1
Kf5 60. Kf2 Kxe5 61. Ke3 Kd5 62. Kd3 f5 63. Nd2 h6 64. Kc3 b1=Q 65. Nxb1 Ke4
66. Nd2+ Ke3 67. Nc4+ Kf3 68. Ne5+ Kxg3 69. Nxg6 Kxh3 70. Nf4+ Kg3 71. Nxe6 h5
72. Ng7 Kg4 73. Kd3 f4 74. Nxh5 Kxh5 75. Ke2 Kg4 76. Kf2 f3 77. Kf1 1/2-1/2

[Event "SR 1. liga zapad 2011/2012"]
[Site "?"]
[Date "2012.03.03"]
[Round "10.3"]
[White "Gombar, Peter"]
[Black "Lakatos, Vladimir"]
[Result "1/2-1/2"]
[ECO "B43"]
[WhiteElo "2033"]
[BlackElo "2176"]
[PlyCount "74"]
[EventDate "2011.??.??"]
[TimeControl "180"]

1. e4 c5 2. Nf3 e6 3. d4 cxd4 4. Nxd4 a6 5. Bd3 Nf6 6. O-O Qc7 7. Nc3 b5 8. a3
Bb7 9. Kh1 Nc6 10. Nde2 Bc5 11. Bf4 Qb6 12. f3 Nh5 13. Bd2 Ne5 14. Nf4 Nxd3 15.
cxd3 Nf6 16. e5 Ng8 17. Nce2 f6 18. Bc3 fxe5 19. Bxe5 Nf6 20. b4 Bd6 21. d4 O-O
22. Rc1 Nd5 23. Nxd5 Bxd5 24. Ng3 Rac8 25. Bxd6 Rxc1 26. Qxc1 Qxd6 27. Qe3 Qf4
28. Qxf4 Rxf4 29. Ne2 Bc4 30. Nxf4 Bxf1 31. Kg1 Bc4 32. Kf2 Kf7 33. Ke3 d6 34.
g3 Ke7 35. Kd2 g6 36. Ke3 Kf6 37. Ng2 Bd5 1/2-1/2

[Event "SR 1. liga zapad 2011/2012"]
[Site "?"]
[Date "2012.03.03"]
[Round "10.3"]
[White "Hanko, Pavol"]
[Black "Obona, Jan"]
[Result "1/2-1/2"]
[ECO "D31"]
[WhiteElo "2138"]
[BlackElo "2151"]
[PlyCount "119"]
[EventDate "2011.??.??"]
[TimeControl "180"]

1. d4 d5 2. Nf3 c6 3. c4 e6 4. Nc3 dxc4 5. a4 Bb4 6. e3 b5 7. Bd2 a5 8. axb5
Bxc3 9. Bxc3 cxb5 10. b3 Bb7 11. bxc4 b4 12. Bb2 Nf6 13. Bd3 Nbd7 14. O-O O-O
15. c5 Bc6 16. Bc2 Qc7 17. Ba4 Rfc8 18. Nd2 Bxa4 19. Rxa4 Ra6 20. Qe2 Rca8 21.
Rfa1 Nd5 22. Nc4 f5 23. Nd6 N7f6 24. f3 Qc6 25. e4 fxe4 26. fxe4 Nc7 27. Bc1
Nce8 28. Nxe8 Nxe8 29. Bd2 Nf6 30. Bxb4 Nxe4 31. Rxa5 Rxa5 32. Rxa5 Rxa5 33.
Bxa5 Qd5 34. Qe3 h6 35. Bc7 Qb7 36. Bg3 Qb1+ 37. Be1 Qb7 38. h3 Qd5 39. Ba5 e5
40. dxe5 Qxc5 41. Qxc5 Nxc5 42. Bc3 Kf7 43. Bd4 Nd3 44. e6+ Kxe6 45. Bxg7 h5
46. Kf1 Kf5 47. Ke2 Ke4 48. Bc3 Nf4+ 49. Kf2 Nd3+ 50. Kg3 Nf4 51. Bd2 Ng6 52.
Bc3 Nf4 53. Ba5 Ng6 54. Bc7 Kf5 55. Bd6 Nh8 56. Kh4 Kg6 57. Be5 Nf7 58. Bb2 Nh6
59. Kg3 Kf5 60. Kf3 1/2-1/2

[Event "SR 1. liga zapad 2011/2012"]
[Site "?"]
[Date "2012.03.03"]
[Round "10.3"]
[White "Pecha, Tomas"]
[Black "Gazik, Igor"]
[Result "1/2-1/2"]
[ECO "B03"]
[WhiteElo "2239"]
[BlackElo "2328"]
[PlyCount "67"]
[EventDate "2011.??.??"]
[TimeControl "180"]

1. e4 Nf6 2. e5 Nd5 3. d4 d6 4. c4 Nb6 5. exd6 exd6 6. h3 Nc6 7. Nf3 Be7 8. Nc3
Bf6 9. Qe2+ Qe7 10. Qxe7+ Bxe7 11. Be3 Bf5 12. O-O-O O-O 13. Be2 Rfd8 14. d5
Ne5 15. Nd4 Bd7 16. b3 c5 17. Nc2 Re8 18. f4 Ng6 19. Bd3 f5 20. Rhg1 Bf6 21.
Kd2 Re7 22. g3 Rae8 23. Bf2 a6 24. Ne2 Nc8 25. Ne3 b5 26. Rge1 Nb6 27. Bxf5
Rxe3 28. Bxd7 Rxe2+ 29. Rxe2 Rxe2+ 30. Kxe2 Nxd7 31. Kd3 b4 32. Re1 Kf7 33. Ke4
a5 34. Re2 1/2-1/2

[Event "SR 1. liga zapad 2011/2012"]
[Site "?"]
[Date "2012.03.03"]
[Round "10.3"]
[White "Skrabakova, Katarina"]
[Black "Kaniansky, Miroslav"]
[Result "1/2-1/2"]
[ECO "C44"]
[WhiteElo "2047"]
[BlackElo "2199"]
[PlyCount "58"]
[EventDate "2011.??.??"]
[TimeControl "180"]

1. e4 e5 2. Nf3 Nc6 3. c3 Nf6 4. d4 Nxe4 5. d5 Nb8 6. Qe2 Nf6 7. Qxe5+ Be7 8.
Bd3 d6 9. Qd4 O-O 10. O-O c5 11. dxc6 Nxc6 12. Qa4 Ne5 13. Be2 Bd7 14. Qc2 Bc6
15. Nbd2 Nxf3+ 16. Bxf3 d5 17. Nb3 Re8 18. Be3 Ne4 19. Nd4 Bf6 20. Bxe4 Rxe4
21. Nf3 Qe7 22. Rad1 Re8 23. Bd4 Bxd4 24. Nxd4 Qg5 25. Qd2 Qe7 26. h3 h6 27.
Qc1 Qe5 28. Nf3 Qe7 29. Rfe1 Qf6 1/2-1/2

[Event "SR 1. liga zapad 2011/2012"]
[Site "?"]
[Date "2012.03.04"]
[Round "11.3"]
[White "Banas, Jan"]
[Black "Obona, Jan"]
[Result "1/2-1/2"]
[ECO "B50"]
[WhiteElo "2318"]
[BlackElo "2151"]
[PlyCount "80"]
[EventDate "2011.??.??"]
[TimeControl "180"]

1. e4 c5 2. Nf3 d6 3. c3 Nf6 4. h3 Nbd7 5. Bd3 b6 6. O-O Bb7 7. Re1 Qc7 8. Bc2
Rc8 9. d3 g6 10. Nbd2 Bg7 11. a4 a6 12. Nf1 O-O 13. Bg5 b5 14. Qd2 b4 15. Bh6
a5 16. Ng3 e6 17. Bxg7 Kxg7 18. Qe3 Ne5 19. Nh2 c4 20. d4 Nd3 21. Bxd3 cxd3 22.
cxb4 axb4 23. Qxd3 Qc2 24. Qe3 h6 25. Re2 Qc4 26. Nf3 Rc7 27. Nd2 Qa6 28. Nb3
Rfc8 29. Rd2 Qa8 30. f3 Qa7 31. Nf1 Ba6 32. d5 exd5 33. exd5 Qa8 34. Qb6 Bc4
35. Nd4 Bxf1 36. Rxf1 Qxd5 37. Qxb4 Rc4 38. Qb6 Rxa4 39. b3 Raa8 40. Rfd1 Qc5
1/2-1/2

[Event "SR 1. liga zapad 2011/2012"]
[Site "?"]
[Date "2012.03.04"]
[Round "11.3"]
[White "Belak, Stefan"]
[Black "Skreno, Vladimir"]
[Result "0-1"]
[ECO "A24"]
[WhiteElo "1996"]
[BlackElo "2178"]
[PlyCount "104"]
[EventDate "2011.??.??"]
[TimeControl "180"]

1. c4 Nf6 2. Nf3 g6 3. Nc3 Bg7 4. g3 c6 5. e4 d6 6. Bg2 O-O 7. O-O e5 8. h3
Nbd7 9. d3 Qc7 10. Be3 Re8 11. Qd2 Nf8 12. Rad1 Bd7 13. d4 Rad8 14. Bg5 Ne6 15.
Be3 Bc8 16. b4 b6 17. d5 cxd5 18. exd5 Nf8 19. Qe2 Ba6 20. Nd2 Rc8 21. b5 Bb7
22. a4 N8d7 23. Na2 a5 24. bxa6 Bxa6 25. Rc1 Nc5 26. Nb4 Ra8 27. Ra1 Bc8 28.
Qd1 Bd7 29. Nc6 Bxc6 30. dxc6 e4 31. Bxc5 dxc5 32. Qc2 Qxc6 33. Rfe1 Rad8 34.
Rad1 Rd4 35. Rb1 Qe6 36. Bf1 Bh6 37. Nb3 Rd6 38. a5 Qc8 39. axb6 Rxb6 40. Rbd1
e3 41. f4 e2 42. Rxe2 Rxe2 43. Bxe2 Qxh3 44. Rd3 Ng4 45. Bf1 Qh5 46. Rd5 Ne3
47. Rd8+ Bf8 48. Qd3 Qf3 49. Nd2 Qxg3+ 50. Kh1 Nxf1 51. Nxf1 Qxd3 52. Rxd3 Rf6
0-1

[Event "SR 1. liga zapad 2011/2012"]
[Site "?"]
[Date "2012.03.04"]
[Round "11.3"]
[White "Gombar, Peter"]
[Black "Martiska, Peter"]
[Result "0-1"]
[ECO "B15"]
[WhiteElo "2033"]
[BlackElo "2281"]
[PlyCount "96"]
[EventDate "2011.??.??"]
[TimeControl "180"]

1. e4 c6 2. d4 d5 3. Nc3 dxe4 4. Nxe4 Nf6 5. Nxf6+ exf6 6. Nf3 Bd6 7. Be2 O-O
8. O-O Re8 9. Be3 Nd7 10. c4 Nf8 11. Qc2 Ng6 12. Bd3 Bg4 13. Nd2 Bc7 14. g3 Qd7
15. Rfe1 b6 16. Nf1 Re7 17. Be2 Rae8 18. Bxg4 Qxg4 19. Qe2 Qxd4 20. Bxd4 Rxe2
21. Rxe2 Rxe2 22. Ne3 Rd2 23. Bc3 Rd7 24. Rd1 Rxd1+ 25. Nxd1 Be5 26. f4 Bd6 27.
Kg2 Kf8 28. Ne3 Ne7 29. Kf3 f5 30. b4 b5 31. c5 Bc7 32. Ke2 g6 33. Kd3 Ke8 34.
Bf6 Ng8 35. Bc3 Kd7 36. Bb2 Ke6 37. Nc2 h6 38. Nd4+ Kd5 39. Nf3 Ke6 40. Nd4+
Kd7 41. Nf3 Ne7 42. Be5 Bxe5 43. Nxe5+ Ke6 44. Kd4 f6 45. Nd3 g5 46. h4 gxh4
47. gxh4 h5 48. a3 Ng6 0-1

[Event "SR 1. liga zapad 2011/2012"]
[Site "?"]
[Date "2012.03.04"]
[Round "11.3"]
[White "Gorusa, Miroslav"]
[Black "Kvassay, Peter"]
[Result "0-1"]
[ECO "D45"]
[WhiteElo "2213"]
[BlackElo "2080"]
[PlyCount "82"]
[EventDate "2011.??.??"]
[TimeControl "180"]

1. d4 d5 2. c4 c6 3. Nc3 Nf6 4. Nf3 e6 5. e3 Nbd7 6. Qc2 Bd6 7. g4 h6 8. Rg1
dxc4 9. Bxc4 Qc7 10. h4 Nb6 11. Be2 Bd7 12. Bd2 O-O-O 13. O-O-O Kb8 14. Kb1
Nbd5 15. Na4 e5 16. dxe5 Bxe5 17. Nxe5 Qxe5 18. Nc5 Bc8 19. f4 Qc7 20. Rdf1 Nd7
21. Nxd7+ Qxd7 22. e4 Rhe8 23. Bf3 Nc7 24. Bc3 f6 25. g5 hxg5 26. hxg5 Qe7 27.
gxf6 gxf6 28. Rg6 Rf8 29. a4 Ne6 30. f5 Nd4 31. Qh2+ Ka8 32. Qg3 Ne2 33. Bxe2
Qxe4+ 34. Kc1 Qxe2 35. Qf4 Rd5 36. Re1 Qd3 37. Rxf6 Rfd8 38. Qe4 Qh3 39. Rf7
Bxf5 40. Qb4 Qh6+ 41. Bd2 Rc5+ 0-1

[Event "SR 1. liga zapad 2011/2012"]
[Site "?"]
[Date "2012.03.04"]
[Round "11.3"]
[White "Mysiak, Juraj"]
[Black "Jancovic, Peter"]
[Result "0-1"]
[ECO "A05"]
[WhiteElo "1808"]
[BlackElo "2149"]
[PlyCount "66"]
[EventDate "2011.??.??"]
[TimeControl "180"]

1. Nf3 Nf6 2. b3 g6 3. Bb2 Bg7 4. e3 O-O 5. Be2 a5 6. O-O d6 7. c4 e5 8. d4
Nfd7 9. Nc3 Nc6 10. Rc1 f5 11. Nd5 e4 12. Nd2 Nf6 13. Nf4 g5 14. Nh3 h6 15. Kh1
Ne7 16. a3 Ng6 17. b4 Bd7 18. b5 b6 19. Nb3 f4 20. exf4 gxf4 21. f3 Bxh3 22.
gxh3 Nh4 23. Rg1 Qd7 24. Qf1 Rae8 25. fxe4 Nxe4 26. Bg4 Qd8 27. Bf3 d5 28. cxd5
Nxf3 29. Qxf3 Ng5 30. Qg2 f3 31. Qf1 Re2 32. h4 Ne4 33. d6 Nf2+ 0-1

[Event "SR 1. liga zapad 2011/2012"]
[Site "?"]
[Date "2012.03.04"]
[Round "11.3"]
[White "Petenyi, Tamas"]
[Black "Jakubek, Peter"]
[Result "1-0"]
[ECO "B22"]
[WhiteElo "2347"]
[BlackElo "2144"]
[PlyCount "77"]
[EventDate "2011.??.??"]
[TimeControl "180"]

1. e4 c5 2. Nf3 a6 3. c3 e6 4. d4 d5 5. exd5 exd5 6. Bd3 c4 7. Bc2 Nf6 8. O-O
Be7 9. h3 Nc6 10. Re1 O-O 11. Nbd2 b5 12. Nf1 Qc7 13. Bg5 Be6 14. Bh4 h6 15.
Ne5 Nxe5 16. dxe5 Nh7 17. Bxe7 Qxe7 18. f4 f5 19. Qd4 Rfd8 20. Rad1 Nf8 21. Ne3
g6 22. Rd2 Bf7 23. Red1 Qb7 24. Bxf5 gxf5 25. Nxf5 Kh7 26. Qf2 Qa7 27. Nd4 Ne6
28. f5 Nxd4 29. Rxd4 Rf8 30. Qe3 Rae8 31. Re1 Qc5 32. e6 Bg8 33. Qe5 b4 34. Kh1
a5 35. Rxd5 Qf2 36. Rd7+ Rf7 37. Red1 Ree7 38. exf7 Rxe5 39. f8=N+ 1-0

[Event "SR 1. liga zapad 2011/2012"]
[Site "?"]
[Date "2012.03.04"]
[Round "11.3"]
[White "Pinter, Patrik"]
[Black "Vrbica, Ladislav"]
[Result "1-0"]
[ECO "B84"]
[WhiteElo "2185"]
[BlackElo "1981"]
[PlyCount "93"]
[EventDate "2011.??.??"]
[TimeControl "180"]

1. e4 c5 2. Nf3 d6 3. d4 cxd4 4. Nxd4 Nf6 5. Nc3 a6 6. Be2 e6 7. a4 Nc6 8. O-O
Be7 9. Be3 Qc7 10. Kh1 O-O 11. Nb3 b6 12. f4 Bb7 13. Bf3 Rab8 14. g4 Nd7 15. g5
Nb4 16. Qd2 Nc5 17. Nd4 Nc6 18. Nde2 Bc8 19. Ng3 b5 20. axb5 axb5 21. Qg2 b4
22. Nd1 Bd7 23. Nh5 f6 24. gxf6 Bxf6 25. e5 Nxe5 26. fxe5 Bxe5 27. Kg1 Rf7 28.
c3 bxc3 29. bxc3 Bb5 30. Rf2 Rbf8 31. Bg4 Bc6 32. Qh3 Rxf2 33. Bxf2 Bd7 34. Ra2
g6 35. Ng3 Kg7 36. Be3 Bf4 37. Bd4+ e5 38. Bf2 Ba4 39. Ne3 Bb3 40. Ra3 Qf7 41.
Qg2 Nd3 42. Ra7 Qxa7 43. Nef5+ gxf5 44. Nxf5+ Rxf5 45. Bxf5+ Kf6 46. Bxa7 Kxf5
47. Qh3+ 1-0

[Event "SR 1. liga zapad 2011/2012"]
[Site "?"]
[Date "2012.03.04"]
[Round "11.3"]
[White "Skrabakova, Katarina"]
[Black "Ondrus, Martin"]
[Result "0-1"]
[ECO "B92"]
[WhiteElo "2047"]
[BlackElo "2301"]
[PlyCount "54"]
[EventDate "2011.??.??"]
[TimeControl "180"]

1. e4 c5 2. Nf3 d6 3. d4 cxd4 4. Nxd4 Nf6 5. Nc3 a6 6. Be2 e5 7. Nb3 Be7 8. O-O
O-O 9. Kh1 Qc7 10. f4 b5 11. a3 Bb7 12. Bf3 Nbd7 13. f5 Rfd8 14. Qe1 Rac8 15.
g4 d5 16. exd5 Nb6 17. Na5 Bxd5 18. Nxd5 Nfxd5 19. c3 Re8 20. Qf2 Bc5 21. Qg2
Rcd8 22. Nb3 Be3 23. Qe2 e4 24. Bg2 Nc4 25. Bxe3 Ndxe3 26. Rfe1 Qf4 27. h3 h5
0-1

[Event "SR 2. liga A 2004/2005"]
[Site "?"]
[Date "2004.12.18"]
[Round "5.1"]
[White "Smolen, Jan"]
[Black "Lesny, Stefan"]
[Result "0-1"]
[ECO "C34"]
[WhiteElo "2334"]
[BlackElo "2077"]
[PlyCount "72"]
[EventDate "2004.??.??"]
[TimeControl "240+2"]

{48MB, Fritz8.ctg, FRATRIC-A552EF0} 1. e4 e5 2. f4 exf4 3. Nf3 h6 4. Bc4 d6 5.
d4 g5 6. O-O Be6 7. Bxe6 fxe6 8. e5 d5 9. g3 fxg3 10. Qd3 gxh2+ 11. Nxh2 Ne7
12. Qb5+ Qd7 13. Qxb7 Qc6 14. Qb3 Nf5 15. Qf3 Qd7 16. c4 Nc6 17. Qh5+ Qf7 18.
Qxf7+ Kxf7 19. cxd5 Ncxd4 20. Nc3 Rd8 21. Nf3 Bc5 22. Kg2 Nc2 23. Ne4 Rxd5 24.
Nf6 Rdd8 25. Bxg5 hxg5 26. Nxg5+ Ke7 27. Rac1 Rd2+ 28. Kf3 Rd3+ 29. Ke2 Re3+
30. Kd1 Rxe5 31. Kxc2 Kxf6 32. Nf3 Ne3+ 33. Kb1 Nxf1 34. Nxe5 Nd2+ 35. Kc2 Kxe5
36. Kxd2 Rh2+ 0-1

[Event "SR 2. liga A 2004/2005"]
[Site "?"]
[Date "2004.12.18"]
[Round "5.2"]
[White "Obdrzalkova, Anita"]
[Black "Bezuch, Martin"]
[Result "0-1"]
[ECO "E65"]
[WhiteElo "2137"]
[BlackElo "2190"]
[PlyCount "68"]
[EventDate "2004.??.??"]
[TimeControl "240+2"]

{48MB, Fritz8.ctg, FRATRIC-A552EF0} 1. d4 Nf6 2. c4 g6 3. Nc3 Bg7 4. Nf3 O-O 5.
g3 d6 6. Bg2 Nbd7 7. O-O c5 8. b3 a6 9. Bb2 Rb8 10. dxc5 Nxc5 11. Rc1 Bd7 12.
Nd4 b5 13. cxb5 axb5 14. Nc6 Bxc6 15. Bxc6 b4 16. Na4 Ne6 17. Bg2 Qa5 18. Rc4
Rfc8 19. Qc2 Rxc4 20. Qxc4 Qh5 21. Bf3 Qf5 22. h4 g5 23. Bxf6 Qxf6 24. hxg5
Nxg5 25. Bg2 Qf5 26. Qc7 Rc8 27. Qb7 Bf6 28. Qxb4 Rc2 29. e4 Qg4 30. Nb6 Be5
31. Qe1 Bd4 32. Nd5 Qxg3 33. Nxe7+ Kf8 34. Nf5 Nf3+ 0-1

[Event "SR 2. liga A 2004/2005"]
[Site "?"]
[Date "2004.12.18"]
[Round "5.3"]
[White "Kralovic, Andrej"]
[Black "Bebiak, Jozef"]
[Result "0-1"]
[ECO "B50"]
[WhiteElo "2062"]
[BlackElo "2122"]
[PlyCount "106"]
[EventDate "2004.??.??"]
[TimeControl "240+2"]

{48MB, Fritz8.ctg, FRATRIC-A552EF0} 1. e4 c5 2. Nf3 d6 3. c4 e5 4. Nc3 f5 5. d3
Nf6 6. a3 Nc6 7. b4 cxb4 8. axb4 Nxb4 9. Qa4+ Nc6 10. Be2 Be7 11. O-O O-O 12.
Ba3 a6 13. Rfb1 Nd4 14. exf5 Nxf5 15. Qb3 Kh8 16. Na4 b5 17. cxb5 axb5 18. Nc3
Rb8 19. Ne4 Qb6 20. Bb4 Nxe4 21. dxe4 Nd4 22. Nxd4 Qxd4 23. Bf3 Rf6 24. Rd1 Qb6
25. Ba5 Qb7 26. Rdc1 Be6 27. Qe3 Bc4 28. Be2 d5 29. exd5 Qxd5 30. Bc7 Re8 31.
Bf3 Qf7 32. Ra8 Rxa8 33. Bxa8 Rf5 34. Rd1 Bh4 35. g3 Qxc7 36. gxh4 Rf8 37. Bg2
Qe7 38. h5 b4 39. h6 b3 40. Rd4 b2 41. Rd1 gxh6 42. Be4 Qg5+ 43. Qg3 Ba2 44.
Qxg5 hxg5 45. Bb1 Rc8 46. Kg2 Bxb1 47. Rxb1 Rc2 48. Kf3 Kg7 49. Ke3 Kf6 50. h3
Kf5 51. f3 h5 52. Kd3 Rf2 53. Ke3 Rh2 0-1

[Event "SR 2. liga A 2004/2005"]
[Site "?"]
[Date "2004.12.18"]
[Round "5.4"]
[White "Farkas, Gabor"]
[Black "Vychodil, Michal"]
[Result "1-0"]
[ECO "B01"]
[WhiteElo "2072"]
[BlackElo "2098"]
[PlyCount "95"]
[EventDate "2004.??.??"]
[TimeControl "240+2"]

{48MB, Fritz8.ctg, FRATRIC-A552EF0} 1. e4 d5 2. exd5 Qxd5 3. Nc3 Qa5 4. d4 c6
5. Bc4 Bf5 6. Nf3 Nf6 7. O-O e6 8. Bf4 Nbd7 9. a3 Be7 10. Re1 O-O 11. Bd3 Bxd3
12. Qxd3 Nb6 13. b4 Qh5 14. Re5 Qg6 15. Qxg6 hxg6 16. Bg3 Bd6 17. Ree1 Bxg3 18.
hxg3 Rfd8 19. Red1 Nbd5 20. Na4 b6 21. Ne5 Rac8 22. c4 Ne7 23. g4 Nd7 24. Nc3
Nxe5 25. dxe5 g5 26. Rd6 Ng6 27. Rad1 Rxd6 28. exd6 Ne5 29. c5 Nxg4 30. Nb5 Ne5
31. Nxa7 Rd8 32. cxb6 Kf8 33. Rc1 Ke8 34. Nxc6 Nxc6 35. Rxc6 Kd7 36. Rc7+ Kxd6
37. Rxf7 Kc6 38. Rxg7 Rd5 39. b7 Rd8 40. Rxg5 Kxb7 41. a4 Rd1+ 42. Kh2 Ra1 43.
a5 Ka6 44. Re5 Ra2 45. Kg3 Rb2 46. Rxe6+ Kb5 47. f4 Rxb4 48. Rb6+ {
Time: 1:35-1:57} 1-0

[Event "SR 2. liga A 2004/2005"]
[Site "?"]
[Date "2004.12.18"]
[Round "5.5"]
[White "Szollos, Ondrej"]
[Black "Puobis, Jozef"]
[Result "1-0"]
[ECO "A06"]
[WhiteElo "2101"]
[BlackElo "2061"]
[PlyCount "79"]
[EventDate "2004.??.??"]
[TimeControl "240+2"]

{48MB, Fritz8.ctg, FRATRIC-A552EF0} 1. Nf3 d5 2. d3 Nf6 3. c3 Nbd7 4. Qc2 e5 5.
e4 Be7 6. Be2 O-O 7. O-O c6 8. Nbd2 Qc7 9. Re1 dxe4 10. dxe4 Re8 11. Nf1 Nc5
12. Ng3 Bg4 13. Nh4 Bxe2 14. Qxe2 Rad8 15. Nhf5 Ne6 16. Nxe7+ Rxe7 17. Nf5 Red7
18. h3 g6 19. Nh6+ Kg7 20. Ng4 Nxg4 21. Qxg4 h5 22. Qh4 Qb6 23. g4 Rh8 24. Qg3
Qc7 25. g5 Rhd8 26. Qf3 Rd3 27. Qf6+ Kg8 28. Be3 Nf4 29. Bxf4 exf4 30. e5 Rxh3
31. e6 Rf8 32. e7 Re8 33. Rad1 f3 34. Qd6 Qa5 35. Qe5 Qb6 36. Rd4 c5 37. Rd6
Qxb2 38. Rxg6+ fxg6 39. Qe6+ Kg7 40. Qf6+ {Time 1:45-1:51} 1-0

[Event "SR 2. liga A 2004/2005"]
[Site "?"]
[Date "2004.12.18"]
[Round "5.6"]
[White "Gutdeutsch, Otto"]
[Black "Syrovy, Ivan"]
[Result "1/2-1/2"]
[ECO "B12"]
[WhiteElo "2089"]
[BlackElo "2069"]
[PlyCount "30"]
[EventDate "2004.??.??"]
[TimeControl "240+2"]

{48MB, Fritz8.ctg, FRATRIC-A552EF0} 1. e4 c6 2. d4 d5 3. e5 Bf5 4. c4 e6 5. Nc3
Ne7 6. Nf3 Nd7 7. h4 dxc4 8. Ng5 h6 9. Nge4 Nd5 10. Bxc4 Bb4 11. Bxd5 cxd5 12.
Ng3 Bh7 13. Qg4 Rg8 14. O-O Be7 15. h5 a6 {Time 1:00-0:55} 1/2-1/2

[Event "SR 2. liga A 2004/2005"]
[Site "?"]
[Date "2004.12.18"]
[Round "5.7"]
[White "Antala, Jan"]
[Black "Rachela, Robert"]
[Result "1-0"]
[ECO "C14"]
[WhiteElo "1888"]
[BlackElo "1849"]
[PlyCount "69"]
[EventDate "2004.??.??"]
[TimeControl "240+2"]

{48MB, Fritz8.ctg, FRATRIC-A552EF0} 1. e4 e6 2. d4 d5 3. Nc3 Nf6 4. Bg5 Be7 5.
e5 Nfd7 6. h4 a6 7. Qg4 g6 8. Bxe7 Qxe7 9. h5 c5 10. Nf3 cxd4 11. Qxd4 Nc6 12.
Qf4 Qb4 13. Qxb4 Nxb4 14. O-O-O Nc6 15. hxg6 fxg6 16. Re1 Nf8 17. Ng5 b5 18. f4
Bb7 19. a3 Rc8 20. Rh6 b4 21. axb4 Nxb4 22. Rd1 Ke7 23. Rd2 Rc5 24. g3 Rc7 25.
Ne2 a5 26. Nd4 Nc6 27. Nb5 Rd7 28. Nd6 Nd8 29. Rdh2 Rxd6 30. exd6+ Kxd6 31. Bb5
Ke7 32. Nxh7 Nf7 33. R6h4 Nd7 34. Bxd7 Kxd7 35. Nf6+ {Time 1:15-1:55} 1-0

[Event "SR 2. liga A 2004/2005"]
[Site "?"]
[Date "2004.12.18"]
[Round "5.8"]
[White "Kolesar, Rastislav"]
[Black "Fratric, Igor"]
[Result "1-0"]
[ECO "B12"]
[WhiteElo "1858"]
[BlackElo "1930"]
[PlyCount "77"]
[EventDate "2004.??.??"]
[TimeControl "240+2"]

{48MB, Fritz8.ctg, FRATRIC-A552EF0} 1. e4 c6 2. d4 d5 3. e5 Bf5 4. Bd3 Bxd3 5.
Qxd3 e6 6. Nf3 Nd7 7. O-O c5 8. b3 Ne7 9. Re1 Nc6 10. c3 Rc8 11. Bb2 cxd4 12.
c4 Nb4 13. Qd1 dxc4 14. Nxd4 Nd3 15. Re2 Nxb2 16. Rxb2 Nxe5 17. bxc4 Rxc4 18.
Rd2 Bb4 19. Nxe6 Bxd2 20. Nxd8 Bg5 21. Na3 Rc7 22. Qd5 Bf6 23. Nxb7 O-O 24. Rd1
Rb8 25. Nc5 Rbc8 26. Ne4 Rd7 27. Nxf6+ gxf6 28. Qb3 Rc3 29. Qb1 Rxa3 30. Rxd7
Nxd7 31. g3 Ne5 32. Qb2 Ra6 33. h4 h5 34. Kg2 Kg7 35. Qe2 Ra3 36. Qb2 Ra6 37.
Qb3 Kg6 38. f4 Ng4 39. Qd3+ {Time 1:54-1:58} 1-0

[Event "SR 2. liga A 2004/2005"]
[Site "?"]
[Date "2005.01.22"]
[Round "7.1"]
[White "Smolen, Jan"]
[Black "Duriga, Stefan"]
[Result "1-0"]
[ECO "B06"]
[WhiteElo "2356"]
[BlackElo "2252"]
[PlyCount "37"]
[EventDate "2004.??.??"]
[TimeControl "240+2"]

{48MB, Fritz8.ctg, FRATRIC-A552EF0} 1. e4 g6 2. d4 Bg7 3. Nc3 c6 4. h3 b5 5. g3
d5 6. exd5 b4 7. Na4 Qxd5 8. Nf3 Bf5 9. c4 Qe4+ 10. Be3 Nd7 11. g4 c5 12. d5
Ne5 13. Be2 Rc8 14. gxf5 Nf6 15. Rg1 Nfd7 16. Nxe5 Bxe5 17. Qd3 Qxf5 18. Qxf5
gxf5 19. f4 {Time 0:55-0:47} 1-0

[Event "SR 2. liga A 2004/2005"]
[Site "?"]
[Date "2005.01.22"]
[Round "7.2"]
[White "Tepper, Frantisek"]
[Black "Daubner, Jakub"]
[Result "1/2-1/2"]
[ECO "B13"]
[WhiteElo "2242"]
[BlackElo "2211"]
[PlyCount "139"]
[EventDate "2004.??.??"]
[TimeControl "240+2"]

{48MB, Fritz8.ctg, FRATRIC-A552EF0} 1. e4 c6 2. d4 d5 3. exd5 cxd5 4. Bd3 Nf6
5. Nf3 Nc6 6. c3 g6 7. O-O Bg7 8. Re1 O-O 9. Nbd2 e6 10. Nf1 Qc7 11. Bg5 a5 12.
a4 b6 13. Qd2 Ba6 14. Bxa6 Rxa6 15. Ng3 Qb7 16. Qf4 Nd7 17. Bh6 Qb8 18. Qh4 Qd8
19. Qh3 Bxh6 20. Qxh6 Qf6 21. Re3 Qg7 22. Qf4 Ra7 23. Qd6 Rc8 24. Rae1 Qf8 25.
Qf4 Rb7 26. h4 h6 27. Qg4 Qg7 28. Qf4 b5 29. axb5 Rxb5 30. Qd6 Rb7 31. R1e2 Nb6
32. b3 a4 33. Qa3 axb3 34. Qxb3 Na5 35. Qa2 Nbc4 36. Rd3 Nb3 37. Re1 Qf8 38.
Ne5 Nxe5 39. dxe5 Ra8 40. Qe2 Ra4 41. h5 g5 42. Rf3 Nc5 43. Re3 Nd7 44. Nf1 Qc5
45. Nh2 Qc4 46. g3 Qxe2 47. R1xe2 Rc7 48. f4 Ra1+ 49. Kg2 Rc1 50. Ng4 gxf4 51.
gxf4 Kh7 52. Ra2 Kg7 53. Nf6 Nxf6 54. Rg3+ Ng4 55. Rxg4+ Kf8 56. Ra8+ Ke7 57.
Rgg8 Kd7 58. Rgd8+ Kc6 59. Rdc8 Rc2+ 60. Kf1 Rxc8 61. Rxc8+ Kd7 62. Rh8 Rxc3
63. Ke2 Rh3 64. Rxh6 Ke7 65. Rh8 d4 66. h6 Re3+ 67. Kd2 Rh3 68. h7 Kd7 69. Ke2
Ke7 70. Kd2 1/2-1/2

[Event "SR 2. liga A 2004/2005"]
[Site "?"]
[Date "2005.01.22"]
[Round "7.3"]
[White "Bezuch, Martin"]
[Black "Petreje, Juraj"]
[Result "1-0"]
[ECO "B19"]
[WhiteElo "2190"]
[BlackElo "2191"]
[PlyCount "97"]
[EventDate "2004.??.??"]
[TimeControl "240+2"]

{48MB, Fritz8.ctg, FRATRIC-A552EF0} 1. e4 c6 2. d4 d5 3. Nc3 dxe4 4. Nxe4 Bf5
5. Ng3 Bg6 6. h4 h6 7. h5 Bh7 8. Nf3 Nf6 9. Bd3 e6 10. Bxh7 Nxh7 11. Qd3 Nd7
12. Bd2 Bd6 13. Ne4 Bc7 14. O-O-O Nhf6 15. c4 Nxe4 16. Qxe4 Nf6 17. Qe2 Qe7 18.
Ne5 O-O-O 19. Bc3 c5 20. dxc5 Bxe5 21. Qxe5 Nd7 22. Qe3 Nf6 23. Bxf6 Qxf6 24.
Rd6 Qf5 25. f3 Rxd6 26. cxd6 Rd8 27. Rd1 b6 28. Rd3 Qxh5 29. c5 bxc5 30. Qe4
Qh1+ 31. Rd1 Qxd1+ 32. Kxd1 Rxd6+ 33. Kc2 Rd5 34. Qa4 Rd7 35. Qc6+ Kd8 36. Qa8+
Ke7 37. Qh8 Kf6 38. Qc8 Rd5 39. Qc7 h5 40. Qxa7 Rg5 41. Kc3 h4 42. a4 Rxg2 43.
Qxc5 Rg3 44. Qd4+ Kf5 45. Qxh4 Rxf3+ 46. Kd2 g5 47. Qh7+ Kg4 48. a5 f5 49. a6
1-0

[Event "SR 2. liga A 2004/2005"]
[Site "?"]
[Date "2005.01.22"]
[Round "7.4"]
[White "Bronis, Marian"]
[Black "Kralovic, Andrej"]
[Result "1-0"]
[ECO "A55"]
[WhiteElo "2161"]
[BlackElo "2062"]
[PlyCount "93"]
[EventDate "2004.??.??"]
[TimeControl "240+2"]

{48MB, Fritz8.ctg, FRATRIC-A552EF0} 1. d4 d6 2. c4 e5 3. Nf3 Nd7 4. Nc3 Ngf6 5.
e4 c6 6. Be2 Qc7 7. O-O Be7 8. Re1 O-O 9. Bf1 Re8 10. h3 Nf8 11. d5 Ng6 12. g3
Bd7 13. Bg5 h6 14. Bd2 Qc8 15. Kh2 Nh7 16. Ng1 c5 17. f4 exf4 18. gxf4 Bh4 19.
Re2 Qd8 20. Rg2 Qf6 21. Qf3 a6 22. Bd3 Rab8 23. a4 Qe7 24. Nge2 Bf6 25. Be1 Kh8
26. Qh5 Nhf8 27. Bd2 b6 28. Rag1 Rb7 29. Be1 Nh7 30. Kh1 Bc8 31. Nd1 Qd7 32.
Kh2 Qxa4 33. Bc3 Qd7 34. e5 dxe5 35. Bxg6 fxg6 36. Rxg6 Nf8 37. Rxf6 gxf6 38.
fxe5 fxe5 39. Bxe5+ Kh7 40. Rg7+ Qxg7 41. Bxg7 Rxe2+ 42. Qxe2 Kxg7 43. Nc3 Rf7
44. Qe5+ Kg8 45. Ne4 Bf5 46. Nd6 Nd7 47. Qf4 {Time 2:07-2:16} 1-0